 Dungeon Crawl Stone Soup version 0.18-a0-1683-gf9322e6 (webtiles) character file.

49 inmateoo the Ruffian (level 3, 0/28 HPs)
             Began as a Draconian Arcane Marksman on Apr 3, 2016.
             Succumbed to an adder's poison
             ... on level 2 of the Dungeon.
             The game lasted 00:02:39 (1381 turns).

inmateoo the Ruffian (Draconian Arcane Marksman)    Turns: 1381, Time: 00:02:40

Health: 0/28       AC:  5    Str: 14      XL:     3   Next: 53%
Magic:  4/4        EV: 12    Int: 12 (13) God:
Gold:   21         SH:  0    Dex: 10      Spells: 1 memorised, 3 levels left

rFire  . . .     SeeInvis .       - Unarmed
rCold  . . .     Gourm    .     (armour unavailable)
rNeg   . . .     Faith    .     (no shield)
rPois  .         Spirit   .     (helmet restricted)
rElec  .         Dismiss  .     (no cloak)
rCorr  .         Reflect  .     (no gloves)
SustAt +         Harm     .     (no boots)
MR     .....                    (no amulet)
Stlth  +.........               (no ring)
                                m - ring of sustain attributes

@: lethally poisoned (0 -> -8), not resistant to hostile enchantments, very
unstealthy
A: unfitting armour, cold-blooded, AC +5
a: no special abilities


You were on level 2 of the Dungeon.
You were hungry.

You visited 1 branch of the dungeon, and saw 2 of its levels.

You collected 21 gold pieces.

Inventory:

Missiles
 b - 4 javelins (quivered)
Jewellery
 f - an uncursed ring of ice
 m - a ring of sustain attributes (left hand)
Scrolls
 e - a scroll of fog {unknown}
 g - a scroll of magic mapping {unknown}
 h - 3 scrolls of identify {unknown}
 i - a scroll of teleportation {unknown}
 j - a scroll of enchant armour {unknown}
 n - a scroll of random uselessness {unknown}
Books
 a - a book of Debilitation

   Spells                             Type                      Level
   a - Corona                         Hexes                        1
   b - Slow                           Hexes                        2
   c - Gell's Gravitas                Hexes/Translocation          3
   d - Inner Flame                    Hexes/Fire                   3
   e - Cause Fear                     Hexes                        4
   f - Leda's Liquefaction            Hexes/Earth                  4
Comestibles
 d - 2 bread rations
 k - a meat ration


   Skills:
 - Level 1.1 Fighting
 - Level 1.7 Throwing
 - Level 1.7 Dodging
 * Level 3.2 Unarmed Combat
 - Level 1.0 Spellcasting
 - Level 2.6 Hexes


You had 3 spell levels left.
You knew the following spells:

 Your Spells              Type           Power        Failure   Level  Hunger
a - Corona                Hex            #......      12%         1    ##.....


Dungeon Overview and Level Annotations

Branches:
Dungeon (2/15)

Altars:


Innate Abilities, Weirdness & Mutations

Your plain brown scales are hard (AC +5).
Your body does not fit into most forms of armour.
You are cold-blooded and may be slowed by cold attacks.


Message History

You closely miss the adder.
The adder is severely wounded.
* * * LOW HITPOINT WARNING * * *
You feel sick. The adder bites you.
* * * LOW HITPOINT WARNING * * *
You closely miss the adder.
Your tail-slap misses the adder.
The adder is severely wounded.
* * * LOW HITPOINT WARNING * * *
You feel sick. The adder closely misses you.
You closely miss the adder.
The adder is severely wounded.
The adder bites you but does no damage. x2
You hit the adder.
You kill the adder!
* * * LOW HITPOINT WARNING * * *
You feel sick.
You swing at nothing.
* * * LOW HITPOINT WARNING * * *
You feel sick.
You die...

..##### #................
######## ####......>....##...
.......# ##..............# #
.......# #.##..............###.
.......# #.##......<........$.
.......####..................###
.................####.#........#
.................####........#
##>.............@..w....>(...#.#
#...##).........#####.........#
######..........# ###...#....
#..........# #...###..
#†#(######## #$...$#
#####.#(##### #..##.#
#.....[......## #........#
#.............)## #........#
................# #........#


You could see a worm.

Vanquished Creatures
  An adder (D:2)
  An ooze (D:2)
  3 giant geckos
  A giant cockroach (D:2)
  5 hobgoblins
  4 jackals (D:2)
  5 bats
  2 giant newts (D:1)
  2 goblins (D:1)
  5 kobolds
  4 rats
33 creatures vanquished.

Notes
Turn   | Place    | Note
--------------------------------------------------------------
     0 | D:1      | inmateoo the Draconian Arcane Marksman began the quest for the Orb.
     0 | D:1      | Reached XP level 1. HP: 16/16 MP: 2/2
    76 | D:1      | Reached skill level 1 in Unarmed Combat
   469 | D:1      | Reached XP level 2. HP: 17/23 MP: 3/3
   650 | D:1      | Reached skill level 2 in Unarmed Combat
  1191 | D:2      | Reached XP level 3. HP: 25/28 MP: 4/4
  1225 | D:2      | Reached skill level 3 in Unarmed Combat
  1379 | D:2      | HP: 1/28 [poisoned by an adder]
  1381 | D:2      | Succumbed to an adder's poison

Vault maps used:
D:1:      minmay_arrival_split_and_join, minmay_misc_feat_more_columns,
          minmay_tree_intersection
D:2:      kennysheep_goblin_castle, nicolae_overflow_crystal_walls, first_bread,
          serial_curves, eino_curves_02, eino_curves_04, roderic_lattice_a,
          minmay_misc_feat_rows, grunt_pakellas_mercury

Skill      XL: |  1  2  3 |
---------------+----------+-----
Unarmed Combat | 1 2 3 |  3.2
Fighting       | |  1.1
Throwing       | |  1.7
Dodging        | |  1.7
Spellcasting   | |  1.0
Hexes          | |  2.6

Action                   || total
-------------------------++-------
Melee: Unarmed           ||   165
Throw: Throwing net      ||     4
       Javelin           ||     1
  Use: Potion            ||     1
 Stab: Sleeping          ||     1
  Eat: Chunk             ||     1
